 Dungeon Crawl Stone Soup version 0.30-a0-570-g486de37d69 (webtiles) character file.

Game seed: 7994641076841580470

13 rsvaco the Chopper (level 2, 0/25 HPs)
             Began as a Hill Orc Reaver on Dec 29, 2022.
             Succumbed to an adder's poison
             ... on level 3 of the Dungeon.
             The game lasted 00:02:07 (260 turns).

rsvaco the Chopper (Hill Orc Reaver)                 Turns: 260, Time: 00:02:08

Health: 0/25       AC:  3    Str: 14    XL:     2   Next: 37%
Magic:  4/4        EV: 11    Int: 13    God:
Gold:   21         SH:  0    Dex:  9    Spells: 3/4 levels left

rFire   . . .      SeeInvis .    a - +0 hand axe
rCold   . . .      Faith    .    (no shield)
rNeg    . . .      Spirit   .    b - +0 leather armour
rPois   .          Reflect  .    (no helmet)
rElec   .          Harm     .    (no cloak)
rCorr   .          Rampage  .    (no gloves)
Will    .....                    (no boots)
Stlth   +                        (no amulet)
HPRegen 0.24/turn                (no ring)
MPRegen 0.09/turn                (no ring)

@: lethally poisoned (0 -> -7)
A: no striking features
a: no special abilities


You were on level 3 of the Dungeon.
You visited 1 branch of the dungeon, and saw 3 of its levels.

You collected 21 gold pieces.

Inventory:

Hand Weapons
 a - a +0 hand axe (weapon)
Armour
 b - a +0 leather armour (worn)
Scrolls
 c - 2 scrolls of poison {unknown}
 d - a scroll of enchant weapon {unknown}


   Skills:
 + Level 2.5 Fighting
 + Level 4.3 Axes
 + Level 0.3 Armour
 + Level 1.8 Dodging
 + Level 1.6 Spellcasting
 + Level 3.1 Conjurations


You had 3 spell levels left.
You knew the following spells:

 Your Spells              Type           Power      Damage    Failure   Level
a - Kiss of Death         Conj/Necr      20%        2d7       19%         1

Your spell library contained the following spells:

 Spells                   Type           Power      Damage    Failure   Level
 Momentum Strike          Conj/Tloc      10%        3d8       26%         2
 Hailstorm                Conj/Ice       5%         3d4       47%         3


Dungeon Overview and Level Annotations

Branches:
Dungeon (3/15)

Altars:


Message History

* * * LOW HITPOINT WARNING * * *
The kobold attacks as you move away! The kobold hits you with a +0 dagger.
* * * LOW HITPOINT WARNING * * *
The kobold attacks as you move away! The kobold hits you but does no damage.
The kobold attacks as you move away! The kobold hits you but does no damage.
The adder attacks as you move away! The adder bites you but does no damage.
The adder closely misses you.
You barely miss the adder. You hit the kobold.
You kill the kobold!
The adder bites you.
* * * LOW HITPOINT WARNING * * *
You closely miss the adder. You hit the kobold.
You kill the kobold!
The adder barely misses you. The adder barely misses you.
Found a stone staircase leading down.
Found a coral ring.
The adder bites you.
* * * LOW HITPOINT WARNING * * *
A rat comes into view.
A hobgoblin comes into view.
The hobgoblin shouts!
The adder attacks as you move away! The adder closely misses you.
The adder barely misses you.
An iguana comes into view.
The iguana hisses angrily.
The hobgoblin hits you but does no damage.
There is a stone staircase leading down here.
The hobgoblin hits you.
* * * LOW HITPOINT WARNING * * *
The adder bites you.
* * * LOW HITPOINT WARNING * * *
You climb downwards.
There is a stone staircase leading up here.
You closely miss the adder. You barely miss the hobgoblin. The adder bites you.
* * * LOW HITPOINT WARNING * * *
You are lethally poisoned!
The adder poisons you! The hobgoblin closely misses you.
The adder bites you but does no damage. The hobgoblin misses you.
You miss the adder. You hit the hobgoblin but do no damage.
You die... ##########.# ......S@g..# ############

You could see an adder and a hobgoblin.

Vanquished Creatures
  A dart slug (D:1)
  2 ball pythons
  A giant cockroach (D:2)
  A goblin (D:2)
  4 kobolds
  2 rats (D:1)
11 creatures vanquished.

Notes
Turn   | Place    | Note
-------+----------+-------------------------------------------
     0 | D:1      | rsvaco the Hill Orc Reaver began the quest for the Orb.
     0 | D:1      | Reached XP level 1. HP: 18/18 MP: 3/3
   101 | D:1      | Reached XP level 2. HP: 13/25 MP: 4/4
   259 | D:3      | HP: 1/25 [adder (2)]
   260 | D:3      | Succumbed to an adder's poison

Illustrated notes

Levels and vault maps discovered:
D:1:      giann_horns, layout_basic, ebering_ecumenical_altar_webs
D:2:      layout_basic, basic_altar, uniq_terence
D:3:      layout_loops_ring, zin_statuary

Action                   || total
-------------------------++-------
Melee: Hand axe          ||    39
Armor: Leather armour    ||    15
Dodge: Dodged            ||    32

Table legend: (Time is in decaauts)
 A = Elapsed time spent in this place.
 B = Non-inter-level travel time spent in this place.
 C = Inter-level travel time spent in this place.
 D = Time resting spent in this place.
 E = Time spent auto-exploring this place.
 F = Levels seen in this place.
 G = Mean time per level.
                   A        B        C        D        E       F      G
               +--------+--------+--------+--------+--------+-----+--------+
         Total |    262 |    255 |      7 |      0 |     60 |   3 |   87.3 |
       Dungeon |    262 |    255 |      7 |      0 |     60 |   3 |   87.3 |
               +--------+--------+--------+--------+--------+-----+--------+

Top non-repeatable levels by time:
     D:2: 140 daAuts
     D:1: 120 daAuts
     D:3: 1 daAuts
